 Dungeon Crawl Stone Soup version 0.24-a0-378-g94936e5 (webtiles) character file.

Game seed: 7820653426926331809

13510 r3xj the Cleaver (level 11, -10/151 HPs)
             Began as a Minotaur Berserker on June 2, 2019.
             Was a High Priest of Trog.
             Mangled by a manticore (15 damage)
             ... on level 12 of the Dungeon.
             The game lasted 00:24:46 (11034 turns).

r3xj the Cleaver (Minotaur Berserker)              Turns: 11034, Time: 00:24:46

Health: -10/151    AC: 22    Str: 27    XL:     11   Next: 76%
Magic:  3/3        EV: 11    Int:  4    God:    Trog [*****.]
Gold:   733        SH: 11    Dex: 13    Spells: 10/10 levels left

rFire    . . .     SeeInvis .   X - +6 broad axe (antimagic)
rCold    . . .     Gourm    .   E - +0 shield
rNeg     . . .     Faith    .   N - +0 plate armour
rPois    .         Spirit   .   (helmet restricted)
rElec    .         Reflect  .   C - +2 cloak
rCorr    .         Harm     .   (no gloves)
MR       +....                  v - +0 pair of boots
Stlth    ..........             h - amulet of the acrobat
HPRegen  0.35/turn              q - +3 ring of protection
MPRegen  0.08/turn              I - ring of protection from magic

@: berserking, very quick
A: retaliatory headbutt, horns 2
a: Berserk, Trog's Hand, Brothers in Arms, Renounce Religion


You were on level 12 of the Dungeon.
You worshipped Trog.
Trog was extremely pleased with you.
You were hungry.

You visited 1 branch of the dungeon, and saw 12 of its levels.

You collected 733 gold pieces.

Inventory:

Hand Weapons
 a - a +0 hand axe
 w - a +0 war axe
 H - a +8 glaive of chopping
 K - a +1 war axe of pain
 O - a +2 hand axe of flaming
 T - a +1 antimagic battleaxe
 U - a +3 war axe
 X - a +6 antimagic broad axe (weapon)
Armour
 b - a +0 animal skin
 k - a +0 ring mail
 n - a +0 chain mail
 v - a +0 pair of boots (worn)
 C - a +2 cloak (worn)
 E - a +0 shield (worn)
 N - a +0 plate armour (worn)
 V - a +2 scale mail of poison resistance
Jewellery
 h - an amulet of the acrobat (around neck)
 q - a +3 ring of protection (left hand)
 u - an uncursed ring of wizardry
 y - an uncursed amulet of rage
 I - a ring of protection from magic (right hand)
 J - an uncursed ring of flight
 R - an uncursed ring of ice
Wands
 t - a wand of enslavement (9)
 x - a wand of disintegration (2)
 z - a wand of random effects (16)
 D - a wand of paralysis (13)
 M - a wand of polymorph (4)
 P - a wand of clouds (6)
Scrolls
 g - 7 scrolls of teleportation {unknown}
 i - 8 scrolls of identify
 j - 3 scrolls of enchant weapon {unknown}
 m - 6 scrolls of remove curse {unknown}
 o - 2 scrolls of magic mapping {unknown}
 p - 3 scrolls of noise {unknown}
 r - 4 scrolls of amnesia {unknown}
 s - 2 scrolls of immolation {unknown}
 B - 2 scrolls of fog {unknown}
 F - 2 scrolls of torment {unknown}
 L - a scroll of enchant armour {unknown}
 Q - a scroll of blinking {unknown}
Potions
 d - 3 potions of cancellation {unknown}
 e - 9 potions of curing
 f - a potion of flight {unknown}
 l - 3 potions of haste {unknown}
 A - 4 potions of heal wounds {unknown}
 G - a potion of resistance {unknown}
 S - a potion of invisibility {unknown}
Comestibles
 c - 16 rations


   Skills:
 + Level 10.9 Fighting
 * Level 12.6 Axes
 + Level 10.5 Armour
 + Level 9.7 Dodging
 + Level 6.8 Shields


You had 10 spell levels left.
You didn't know any spells.
Your spell library was empty.

Dungeon Overview and Level Annotations

Branches:
Dungeon (12/15)            Temple (0/1) D:4            Lair (0/6) D:9
    Orc (0/2) D:9

Altars:
Dithmenos
Hepliaklqana
Kikubaaqudgha
Qazlal
Trog
Vehumet

Shops:
D:9 [


Innate Abilities, Weirdness & Mutations

You reflexively headbutt those who attack you in melee.
You have a pair of horns on your head.


Message History

You destroy the fire elemental!
Trog accepts your kill.
You hit something. You hit the manticore.
The shadow strikes at you from the darkness!
* * * LOW HITPOINT WARNING * * *
You closely miss the hell hound. Your headbutt misses the hell hound.
You slash the manticore! You slash the shadow! The manticore misses you.
You block the manticore's attack. x2
The hell hound bites you but does no damage.
The shadow slips into darkness.
The shadow flickers and vanishes!
Deactivating autopickup; reactivate with Ctrl-A.
You slice the hell hound!!
The hell hound is almost dead.
Your shield and plate armour prevent you from hitting something.
You hit the manticore. The hell hound breathes flames at you.
The blast of flame hits you but does no damage.
The manticore bites you!
You die...

#........##
####.........
............
....
...........#
#...
...........#
#... ....#
...........#
#..# #...#
......H†)..#
#..# #...#
......h@...#
#..# #...#
......{##..#
#..# #...#
....... #..#
#..###...#
....... #..#
#........#
....... #..#
#........##
.......
#..###..###.....
.......
#.......# #.....
#####..
#.......# #...##
#.......# #...#


You could see a manticore and a hell hound.

Vanquished Creatures
  Azrael (D:12)
  A hydra (D:12)
  A two-headed ogre (D:10)
  A cyclops (D:11)
  Maurice (D:11)
  An elephant (D:9)
  A gargoyle (D:12)
  A kobold demonologist (D:12)
  A troll (D:10)
  A merfolk (D:9)
  A hornet (D:9)
  A hippogriff (D:9)
  A wyvern (D:12)
  12 yaks
  2 fire elementals (D:12)
  A hungry ghost (D:12)
  2 basilisks (D:9)
  Menkaure (D:7)
  The ghost of caranvelle the Skirmisher, an amateur KoBe of Trog (D:3)
  A water moccasin (D:8)
  3 hell hounds (D:12)
  3 orc warriors
  3 sky beasts
  2 black bears
  5 ice beasts
  4 phantoms
  2 eyes of draining
  4 centaurs
  3 ogres
  3 bullfrogs
  3 big kobolds
  2 water moccasin skeletons (D:7)
  4 killer bees (D:9)
  5 wights (D:11)
  4 howler monkeys
  6 crimson imps
  2 bullfrog zombies
  2 quasits
  9 orc priests
  5 jellies
  2 centaur skeletons
  2 bullfrog skeletons
  4 hounds
  17 orc wizards
  Ijyb (D:5)
  3 iguanas
  13 worker ants
  2 killer bee zombies
  A hound zombie (D:9)
  2 hound skeletons
  A howler monkey zombie (D:10)
  A gnoll (D:3)
  A howler monkey skeleton (D:9)
  16 adders
  A shadow imp (D:5)
  11 oozes
  2 adder zombies
  2 adder skeletons
  A worm (D:2)
  4 dart slugs
  5 leopard geckos
  57 orcs
  6 giant cockroaches
  2 hobgoblins
  8 jackals
  32 kobolds
  5 quokkas
  7 bats
  A frilled lizard (D:3)
  2 giant cockroach zombies
  13 goblins
  A leopard gecko zombie (D:8)
  A quokka skeleton (D:5)
  A quokka zombie (D:8)
  7 rats
  A fungus (D:2)
343 creatures vanquished.

Vanquished Creatures (others)
  An unseen horror (D:12)
  An orc (D:12)
  9 toadstools (D:2)
11 creatures vanquished.

Grand Total: 354 creatures vanquished

Notes
Turn   | Place    | Note
-------+----------+-------------------------------------------
     0 | D:1      | r3xj the Minotaur Berserker began the quest for the Orb.
     0 | D:1      | Reached XP level 1. HP: 19/19 MP: 0/0
   146 | D:1      | Reached XP level 2. HP: 8/27 MP: 1/1
   668 | D:1      | Reached skill level 4 in Axes
   947 | D:1      | Reached XP level 3. HP: 17/33 MP: 2/2
  1335 | D:2      | Reached ** piety under Trog
  1343 | D:2      | Reached XP level 4. HP: 15/40 MP: 3/3
  1804 | D:2      | Reached XP level 5. HP: 31/47 MP: 4/4
  2107 | D:2      | Reached skill level 5 in Fighting
  2107 | D:2      | Reached skill level 5 in Axes
  2160 | D:2      | Found a shadowy altar of Dithmenos.
  2373 | D:3      | Found a faded altar of an unknown god.
  2381 | D:3      | Reached *** piety under Trog
  2753 | D:3      | Reached XP level 6. HP: 56/56 MP: 5/5
  2784 | D:3      | Found a bloodstained altar of Trog.
  3285 | D:3      | Found a runed translucent gate.
  3285 | D:3      | Found a runed translucent gate.
  3287 | D:3      | Found a runed translucent gate.
  3290 | D:3      | Noticed caranvelle's ghost (amateur KoBe)
  3520 | D:3      | Killed caranvelle's ghost
  3520 | D:3      | Reached skill level 5 in Armour
  3520 | D:3      | Reached XP level 7. HP: 62/62 MP: 6/6
  3861 | D:4      | Found a staircase to the Ecumenical Temple.
  3914 | D:4      | Reached skill level 6 in Axes
  3917 | D:4      | Reached skill level 5 in Dodging
  4573 | D:5      | Entered Level 5 of the Dungeon
  4683 | D:5      | Noticed Ijyb
  4693 | D:5      | Killed Ijyb
  4791 | D:5      | Reached XP level 8. HP: 71/71 MP: 7/7
  4815 | D:5      | Reached **** piety under Trog
  5197 | D:5      | Reached skill level 7 in Axes
  5432 | D:5      | Found a radiant altar of Vehumet.
  5432 | D:5      | Found a stormy altar of Qazlal.
  6047 | D:6      | Found a hazy altar of Hepliaklqana.
  6050 | D:6      | Found a shadowy altar of Dithmenos.
  6389 | D:7      | Reached XP level 9. HP: 74/81 MP: 8/8
  6399 | D:7      | Reached skill level 8 in Axes
  6551 | D:7      | Reached ***** piety under Trog
  6815 | D:7      | Noticed Menkaure
  6818 | D:7      | Killed Menkaure
  6964 | D:8      | Received a gift from Trog
  7022 | D:8      | Reached skill level 1 in Shields
  7265 | D:8      | Reached skill level 9 in Axes
  7370 | D:8      | Paralysed by a centaur for 5 turns
  7455 | D:8      | Reached XP level 10. HP: 69/91 MP: 9/9
  7878 | D:9      | Reached skill level 10 in Axes
  8263 | D:9      | Noticed an elephant
  8264 | D:9      | Found a staircase to the Lair.
  8270 | D:9      | Killed an elephant
  8361 | D:9      | Found Seucuc's Armour Emporium.
  8363 | D:9      | Found a staircase to the Orcish Mines.
  8389 | D:9      | Reached skill level 10 in Fighting
  8389 | D:9      | Reached skill level 11 in Axes
  8741 | D:10     | Entered Level 10 of the Dungeon
  8748 | D:10     | Noticed a two-headed ogre
  8758 | D:10     | Killed a two-headed ogre
  8758 | D:10     | Reached skill level 5 in Shields
  9085 | D:10     | Reached XP level 11. HP: 99/99 MP: 10/10
  9365 | D:10     | Received a gift from Trog
  9682 | D:11     | Noticed Maurice
  9730 | D:11     | Reached skill level 10 in Armour
 10131 | D:11     | Killed Maurice
 10483 | D:11     | Found an ancient bone altar of Kikubaaqudgha.
 10483 | D:11     | Noticed a hell beast
 10682 | D:12     | Reached skill level 12 in Axes
 10918 | D:12     | Noticed an eight-headed hydra
 10930 | D:12     | Killed a one-headed hydra
 10999 | D:12     | Received a gift from Trog
 11017 | D:12     | Noticed Azrael
 11030 | D:12     | Killed an unseen horror
 11031 | D:12     | Killed Azrael
 11032 | D:12     | HP: 4/151 [something (5)]
 11034 | D:12     | Mangled by a manticore

Levels and vault maps discovered:
D:1:      shiori_arrival_elements, layout_basic
D:2:      cheibrodos_fertilizer, layout_basic, minivault_24,
          nicolae_dithmenos_through_a_glass_darkly
D:3:      layout_basic, chequers_ecumenical_altar_simple_redux,
          ebering_ghost_rock_garden, first_ration, serial_forest,
          infiniplex_forest_lined_ring, infiniplex_forest_clump_small,
          infiniplex_forest_straight_3, infiniplex_forest_clump_curved,
          infiniplex_forest_clump_diagonal, trog_eyes_of_draining
D:4:      layout_rooms, minmay_temple_entry_ruins,
          ebering_dispersal_statue_hall, hangedman_decor_clover_reticule,
          chequers_garden
D:5:      layout_cave_pods, gammafunk_temple_overflow_wave, uniq_ijyb
D:6:      layout_cave_pools, nicolae_overflow_hidden_temple,
          kennysheep_pointless_box, kennysheep_generic_room_7
D:7:      layout_loops_ring, uniq_menkaure
D:8:      layout_cave_pools
D:9:      minmay_klotski, layout_basic, david_lair_generic, orc_david_3,
          hangedman_fish_farm
D:10:     layout_roguey
D:11:     layout_cross, gauntlet_entry_generic, lemuel_hellish_altar,
          uniq_maurice
D:12:     layout_long_grid, hangedman_abyss_or_decor_jellyfish_corner,
          uniq_azrael

Skill      XL: |  1  2  3  4  5  6  7  8  9 10 11 |
---------------+----------------------------------+-----
Fighting       | 4 5 6 8 9 10 | 10.9
Axes           | 4 5 6 7 9 11 12 | 12.6
Armour         | 3 4 5 6 7 8 9 10 | 10.5
Dodging        | 3 4 5 6 8 9 |  9.7
Shields        | 2 5 6 |  6.8

Action                   |  1- 3 |  4- 6 |  7- 9 | 10-12 || total
-------------------------+-------+-------+-------+-------++-------
Melee: Hand axe          |    68 |   135 |    74 |   289 ||   566
       Headbutt          |    11 |    23 |    84 |    91 ||   209
       War axe           |       |       |   304 |   113 ||   417
       Broad axe         |       |       |       |    16 ||    16
Invok: Berserk           |     1 |     2 |       |     4 ||     7
  Use: Scroll            |       |       |       |     1 ||     1
  Eat: Chunk             |     2 |     8 |    14 |    14 ||    38
       Ration            |       |       |       |     1 ||     1
Armor: Animal skin       |    10 |       |       |       ||    10
       Ring mail         |     5 |    26 |       |       ||    31
       Chain mail        |       |       |   215 |    10 ||   225
       Plate armour      |       |       |       |   228 ||   228
Dodge: Dodged            |    44 |    95 |   191 |   193 ||   523
Block: Shield            |       |       |    59 |   224 ||   283

Table legend:
 A = Non-vault XP
 B = Vault XP
 C = Vault XP percentage of total XP
 D = Non-vault monster count
 E = Vault monster count
 F = Vault count percentage of total count
                 A         B        C        D         E       F
            +---------+---------+-------+---------+---------+-------
      Total |   14677 |    4624 |  24.0 |     302 |      41 |  12.0
            +---------+---------+-------+---------+---------+-------
        D:1 |      44 |       0 |   0.0 |      23 |       0 |   0.0
        D:2 |     134 |     155 |  53.6 |      18 |      19 |  51.4
        D:3 |     158 |     302 |  65.7 |      28 |       4 |  12.5
        D:4 |     469 |       0 |   0.0 |      19 |       0 |   0.0
        D:5 |     589 |      39 |   6.2 |      24 |       1 |   4.0
        D:6 |     493 |       0 |   0.0 |      11 |       0 |   0.0
        D:7 |    1234 |     172 |  12.2 |      35 |       1 |   2.8
        D:8 |    2151 |       0 |   0.0 |      38 |       0 |   0.0
        D:9 |    2549 |    1407 |  35.6 |      32 |       9 |  22.0
       D:10 |    2011 |       0 |   0.0 |      20 |       0 |   0.0
       D:11 |    2461 |     485 |  16.5 |      42 |       1 |   2.3
       D:12 |    2384 |    2064 |  46.4 |      12 |       6 |  33.3
            +---------+---------+-------+---------+---------+-------
